 Dungeon Crawl Stone Soup version 0.31-a0-7-g51783674b7 (webtiles) character file.

Game seed: 1880132647753185789

710 dracfodder the Conjurer (level 7, -2/52 HPs)
             Began as a Grey Draconian Conjurer on May 5, 2023.
             Slain by a lemure (4 damage)
             ... led by Pikel
             ... on level 4 of the Dungeon.
             The game lasted 00:28:01 (5398 turns).

dracfodder the Conjurer (Grey Draconian Conjurer)   Turns: 5398, Time: 00:28:02

Health: -2/52      AC: 15    Str: 10    XL:     7   Next: 40%
Magic:  7/13       EV: 12    Int: 20    God:
Gold:   175        SH:  0    Dex:  9    Spells: 4/14 levels left

rFire   . . .        e - +1 whip
rCold   . . .        (no shield)
rNeg    . . .        (body armour unavailable)
rPois   .            (helmet restricted)
rElec   .            (no cloak)
rCorr   .            (no gloves)
SInv    .            (no boots)
Will    .....        j - amulet of regeneration
Stlth   +            c - +4 ring of protection
HPRegen 1.08/turn    (no ring)
MPRegen 0.13/turn

%: no passive effects
@: confused
A: AC +11, amphibious, unfitting armour, cold-blooded
a: no special abilities


You were on level 4 of the Dungeon.
You visited 1 branch of the dungeon, and saw 4 of its levels.

You collected 175 gold pieces.

Inventory:

Hand Weapons
 e - a +1 whip (weapon)
 r - a +2 dagger of speed
Jewellery
 c - a +4 ring of protection (left hand)
 h - an amulet of reflection
 j - an amulet of regeneration (around neck)
 k - a ring of fire
 m - a ring of protection from fire
Wands
 q - a wand of digging (6)
Scrolls
 i - a scroll of amnesia
 l - a scroll of enchant armour {unknown}
 n - 2 scrolls of teleportation {unknown}
 o - a scroll of enchant weapon
 s - a scroll of identify
 t - a scroll of blinking {unknown}
Potions
 a - 2 potions of mutation {unknown}
 b - 2 potions of cancellation
 d - a potion of brilliance
 f - a potion of flight {unknown}
 g - a potion of curing
 p - a potion of berserk rage {unknown}


   Skills:
 + Level 1.1 Fighting
 + Level 2.4 Maces & Flails
 + Level 2.8 Dodging
 + Level 3.1 Stealth
 + Level 0.1 Unarmed Combat
 + Level 4.2 Spellcasting
 + Level 6.4 Conjurations


You had 4 spell levels left.
You knew the following spells:

 Your Spells              Type           Power      Damage    Failure   Level
a - Magic Dart            Conj           100%       1d8       1%          1
b - Searing Ray           Conj           60%        2d6       1%          2
c - Dazzling Flash        Conj/Hex       34%        N/A       10%         3
d - Fulminant Prism       Conj/Hex       8%         3d6       32%         4

Your spell library contained the following spells:

 Spells                   Type           Power      Damage    Failure   Level
 Ensorcelled Hibernation  Hex/Ice        8%         N/A       19%         2
 Passwall                 Tmut/Erth      3%         N/A       19%         2
 Iskenderun's Mystic Bla  Conj/Tloc      17%        2d5       32%         4
 Swiftness                Air            4%         N/A       36%         3


Dungeon Overview and Level Annotations

Branches:
Dungeon (4/15)
 Temple: D:4-7

Altars:
Ashenzari
Kikubaaqudgha
Nemelex Xobeh

Annotations:
D:4 Pikel


Innate Abilities, Weirdness & Mutations

Your dull iron-grey scales are very hard. (AC +11)
You are amphibious.
You cannot fit into any form of body armour.
You are cold-blooded and may be slowed by cold attacks.


Message History

Pikel zaps a wand.
Your will is overpowered!
You are confused.
The lemure hits you. x2
* * * LOW HITPOINT WARNING * * *
The lemure hits you but does no damage. x2
Pikel hits you with a +2 whip of electrocution.
* * * LOW HITPOINT WARNING * * *
The lemure hits you.
* * * LOW HITPOINT WARNING * * *
The lemure hits you.
* * * LOW HITPOINT WARNING * * *
The lemure completely misses you. The lemure hits you but does no damage.
Pikel hits you but does no damage. The lemure hits you but does no damage.
The lemure closely misses you. The lemure barely misses you.
The lemure hits you but does no damage.
You feel better. Pikel closely misses you. The lemure hits you.
* * * LOW HITPOINT WARNING * * *
The lemure hits you but does no damage. x2; The lemure hits you.
* * * LOW HITPOINT WARNING * * *
You feel better. Pikel barely misses you.
The lemure hits you but does no damage. x2; The lemure barely misses you.
The lemure hits you.
* * * LOW HITPOINT WARNING * * *
You hit Pikel.
Pikel is severely wounded.
Pikel zaps a wand.
Your will is overpowered!
You are confused.
The lemure barely misses you. The lemure hits you but does no damage.
The lemure completely misses you. The lemure misses you.
You're too confused to move!
Pikel hits you with a +2 whip of electrocution.
* * * LOW HITPOINT WARNING * * *
The lemure misses you.
The lemure closely misses you. x2; The lemure hits you.
* * * LOW HITPOINT WARNING * * *
You hit Pikel.
Pikel is severely wounded.
Pikel hits you with a +2 whip of electrocution.
* * * LOW HITPOINT WARNING * * *
The lemure hits you.
You die...

....##....# #.
...........## ######.
#..............# .......
#........#####.#
.......##.....##...###..
........#....# #......#
........#...#####...####
#...K55..(........#
##5@5..........##
#..............#
.....#......###..##
..##..##..........# ##
#..........#
#....#####..# ##..##
##.# ....# .. #####. ...


You could see Pikel and 4 lemures.

Vanquished Creatures
  Grinder (D:4)
  A scorpion (D:3)
  A vampire bat (D:3)
  A howler monkey (D:4)
  5 orc priests
  An iguana (D:4)
  An orc wizard (D:4)
  Ijyb (D:3)
  4 adders
  2 dart slugs
  10 orcs
  10 ball pythons
  16 bats
  8 endoplasms
  5 giant cockroaches
  9 goblins
  7 hobgoblins
  9 jackals
  6 kobolds
  A quokka (D:3)
  3 frilled lizards
  8 rats
110 creatures vanquished.

Notes
Turn   | Place    | Note
-------+----------+-------------------------------------------
     0 | D:1      | dracfodder the Draconian Conjurer began the quest for the
                  | Orb.
     0 | D:1      | Reached XP level 1. HP: 14/14 MP: 3/3
   138 | D:1      | Reached XP level 2. HP: 20/20 MP: 3/5
   276 | D:1      | Learned a level 2 spell: Searing Ray
   705 | D:1      | Reached XP level 3. HP: 26/26 MP: 0/6
   774 | D:1      | Learned a level 3 spell: Dazzling Flash
  1305 | D:2      | Learned a level 1 spell: Magic Dart
  2148 | D:2      | Found a broken altar of Ashenzari.
  2290 | D:2      | Reached XP level 4. HP: 33/33 MP: 4/7
  3007 | D:3      | Noticed Ijyb
  3017 | D:3      | Killed Ijyb
  3026 | D:3      | Noticed a scorpion
  3133 | D:4      | Reached XP level 5. HP: 38/38 MP: 5/9
  3289 | D:4      | Reached skill level 5 in Conjurations
  3489 | D:4      | Noticed Grinder
  3511 | D:4      | Paralysed by Grinder for 3 turns
  3515 | D:4      | Killed Grinder
  3516 | D:4      | Reached skill level 1 in Maces & Flails
  3516 | D:4      | Reached skill level 6 in Conjurations
  3516 | D:4      | Reached XP level 6. HP: 34/46 MP: 2/11
  3797 | D:3      | Found a sparkling altar of Nemelex Xobeh.
  3906 | D:3      | Found an ancient bone altar of Kikubaaqudgha.
  4016 | D:3      | Reached skill level 1 in Fighting
  4219 | D:3      | Your scales start taking on a dull iron-grey colour.
  4219 | D:3      | Reached XP level 7. HP: 52/52 MP: 5/13
  4520 | D:3      | Learned a level 4 spell: Fulminant Prism
  5378 | D:4      | Noticed Pikel
  5398 | D:4      | HP: 2/52 [Pikel/+2 whip of electrocution (4)]
  5398 | D:4      | Slain by a lemure

Illustrated notes

Levels and vault maps discovered:
D:1:      heliophobic_arrival_ceremonial_halls, layout_basic
D:2:      layout_loops_ring, basic_altar, nicolae_figureground_sparkle
D:3:      layout_basic, nicolae_kikubaaqudgha_miasma_corner,
          mainiacjoe_overflow_chevrons, roderic_batcave, roderic_lattice_a,
          dk_vineyard_3, minmay_crystal_water, uniq_ijyb
D:4:      layout_layer_cave, uniq_pikel, uniq_menkaure, uniq_grinder

Skill      XL: |  1  2  3  4  5  6  7 |
---------------+----------------------+-----
Stealth        | 2 3 |  3.1
Dodging        | 2 |  2.8
Spellcasting   | 3 4 |  4.2
Conjurations   | 6 |  6.4
Maces & Flails | 1 2 |  2.4
Fighting       | 1 |  1.1
Unarmed Combat | |  0.1

Action                     |  1- 3 |  4- 6 |  7- 9 || total
---------------------------+-------+-------+-------++-------
  Melee: Unarmed           |    14 |       |       ||    14
         Whip              |    30 |    17 |    16 ||    63
         Tailslap          |     5 |       |     1 ||     6
   Cast: Magic Dart        |    63 |    38 |    16 ||   117
         Searing Ray       |    13 |    23 |    12 ||    48
    Use: Scroll            |     7 |     3 |       ||    10
         Potion            |       |     3 |     2 ||     5
 Armour: Skin              |    23 |    11 |    32 ||    66
  Dodge: Dodged            |    57 |    30 |    32 ||   119

Table legend: (Time is in decaauts)
 A = Elapsed time spent in this place.
 B = Non-inter-level travel time spent in this place.
 C = Inter-level travel time spent in this place.
 D = Time resting spent in this place.
 E = Time spent auto-exploring this place.
 F = Levels seen in this place.
 G = Mean time per level.
                   A        B        C        D        E       F      G
               +--------+--------+--------+--------+--------+-----+--------+
         Total |   5401 |   5368 |     33 |   2121 |   2517 |   4 | 1350.2 |
       Dungeon |   5401 |   5368 |     33 |   2121 |   2517 |   4 | 1350.2 |
               +--------+--------+--------+--------+--------+-----+--------+

Top non-repeatable levels by time:
     D:3: 1642 daAuts
     D:2: 1443 daAuts
     D:1: 1219 daAuts
     D:4: 1095 daAuts
